 Dungeon Crawl Stone Soup version 0.22.0-49-gab54619 (webtiles) character file.

95 Starchild the Poker (level 4, -3/35 HPs)
             Began as a Merfolk Abyssal Knight on Sept 8, 2018.
             Was a Believer of Lugonu.
             Killed by divine providence
             ... invoked by an orc priest
              (12 damage)
             ... on level 4 of the Dungeon.
             The game lasted 00:06:54 (1961 turns).

Starchild the Poker (Merfolk Abyssal Knight)        Turns: 1961, Time: 00:06:55

Health: -3/35      AC:  4    Str: 13    XL:     4   Next: 65%
Magic:  6/6        EV: 12    Int: 11    God:    Lugonu [**....]
Gold:   79         SH:  0    Dex: 13    Spells: 3/3 levels left

rFire    + . .     SeeInvis .   a - +1 spear
rCold    . . .     Gourm    .   (no shield)
rNeg     . . .     Faith    .   b - +0 leather armour
rPois    .         Spirit   .   n - +0 helmet
rElec    .         Reflect  .   (no cloak)
rCorr    .         Harm     .   (no gloves)
MR       .....                  (no boots)
Stlth    +.........             i - amulet of magic regeneration
HPRegen  0.11/turn              h - ring of protection from fire
MPRegen  0.35/turn              (no ring)

@: no status effects
A: change form in water, swift swim, stealthy swim
a: Depart the Abyss, Bend Space, Renounce Religion


You were on level 4 of the Dungeon.
You worshipped Lugonu.
Lugonu was pleased with you.
You were not hungry.

You visited 1 branch of the dungeon, and saw 4 of its levels.
You visited the Abyss 1 time.

You collected 79 gold pieces.

Inventory:

Hand Weapons
 a - a +1 spear (weapon)
Missiles
 d - 69 stones
 p - 4 steel tomahawks (quivered)
Armour
 b - a +0 leather armour (worn)
 n - a +0 helmet (worn)
Jewellery
 h - a ring of protection from fire (left hand)
 i - an amulet of magic regeneration (around neck)
Wands
 m - a wand of polymorph (19)
Scrolls
 f - a scroll of identify {unknown}
 k - 2 scrolls of teleportation {unknown}
 l - a scroll of noise {unknown}
 o - a scroll of remove curse {unknown}
Potions
 e - a potion of experience {unknown}
 g - 4 potions of curing {unknown}
 j - 2 potions of might {unknown}
 q - a potion of berserk rage {unknown}
Comestibles
 c - 4 rations


   Skills:
 - Level 3.2 Fighting
 + Level 6.1 Polearms
 - Level 0.6 Armour
 - Level 2.6 Dodging
 * Level 3.0 Invocations


You had 3 spell levels left.
You didn't know any spells.
Your spell library was empty.

Dungeon Overview and Level Annotations

Branches:
Dungeon (4/15)
 Temple: D:4-7

Altars:

Annotations:
D:3 Purgy
D:4 1 transporter


Message History

The orc wizard blinks!
You puncture the orc!
You kill the orc!
Lugonu accepts your kill.
You barely miss the orc. The orc hits you with a hand axe.
You puncture the orc!
You kill the orc!
Lugonu accepts your kill.
You hit the orc.
The orc is heavily wounded.
You closely miss the orc.
The orc is heavily wounded.
The orc hits you with a flail.
* * * LOW HITPOINT WARNING * * *
You closely miss the orc.
The orc is heavily wounded.
The orc closely misses you.
The orc priest mumbles some strange prayers to Beogh against you.
Beogh smites you!
You die...

..........#..........##
..#.......#......## ..# #
#...###.#....#.####.#####
#... #.#.......)o.......
... #.#.#..#o##.#.#### ..
#.#....#.##)#.#######.#
#.#.....oo............#
#.####.##.#.#########
#....@.##.#.#
#.#######.#.########
#...o...§...........
#..######.#.........
#..................#
##..................
...................
########ooo........
..5.o#≈8#...####.###


You could see an orc priest, an orc wizard and an orc.

Vanquished Creatures
  Robin (D:2)
  An adder (D:4)
  An adder zombie (D:4)
  2 worms (D:2)
  3 dart slugs
  A leopard gecko (D:2)
  2 orcs (D:4)
  3 giant cockroaches (D:1)
  12 goblins
  9 hobgoblins
  2 quokkas
  3 bats
  4 frilled lizards
  6 kobolds
  4 rats
54 creatures vanquished.

Notes
Turn   | Place    | Note
-------+----------+-------------------------------------------
     0 | Abyss:1  | Starchild the Merfolk Abyssal Knight began the quest for
                  | the Orb.
     0 | Abyss:1  | Reached XP level 1. HP: 18/18 MP: 2/2
   106 | Abyss:1  | Found a corrupted altar of Lugonu.
   112 | Abyss:1  | Noticed a small abomination
   125 | D:1      | Escaped the Abyss
   252 | D:1      | Reached XP level 2. HP: 19/24 MP: 3/3
   267 | D:1      | Reached skill level 4 in Polearms
   443 | D:1      | Reached XP level 3. HP: 13/29 MP: 4/4
   524 | D:1      | Reached ** piety under Lugonu
   982 | D:2      | Reached skill level 5 in Polearms
  1052 | D:2      | Noticed Robin
  1080 | D:2      | Killed Robin
  1080 | D:2      | Reached XP level 4. HP: 25/35 MP: 6/6
  1694 | D:3      | Noticed Purgy
  1729 | D:4      | Reached skill level 6 in Polearms
  1917 | D:4      | Found a transporter.
  1961 | D:4      | Killed from afar by an orc priest

Skill      XL: |  1  2  3  4 |
---------------+-------------+-----
Polearms       | 4 5 6 |  6.1
Invocations    | 3 |  3.0
Fighting       | |  3.2
Armour         | |  0.6
Dodging        | |  2.6

Action                   |  1- 3 |  4- 6 || total
-------------------------+-------+-------++-------
Melee: Spear             |   125 |    76 ||   201
       Unarmed           |     1 |     3 ||     4
  Eat: Chunk             |       |     3 ||     3
Armor: Leather armour    |    18 |     5 ||    23
Dodge: Dodged            |    55 |    37 ||    92
